cohdb
Replays
Latest Replays
All Replays
Popular Replays
Top Player Replays
Match Explorer
How It Works
Community
CoH3 Stats
Reddit
Sign in to upload your games and track your stats! →
Sign in with Steam
Match 42798627
Unlisted
Match 42798627
Overview
Messages
Build Orders
End
Panzergrenadier Squad
Panzergrenadier Squad
Construct Light Support Kompanie
MG34 Team
Fire Support Elements
Pak 38 Mechanized Group
Flakvierling Half-track
2.5-tonne Medical Truck
Panzergrenadier Squad
Selects Battlefield Espionage Battlegroup
Selects Intel Disruption Beacon
Selects Transfer Depots
Flakvierling Half-track
Selects 250/3 Funkpanzerwagen
2.5-tonne Medical Truck
Selects Firestorm
2.5-tonne Medical Truck
Construct Panzerarmee Kommand
Firestorm
Pak 38 Mechanized Group
Selects Anti-Tank Incendiary Munitions
Panzer III L Medium Tank
Panzer III L Medium Tank
Veteran Squad Leaders
Emergency Repair Kits
Vehicle Survival Package
Firestorm
Selects Operation Skorpion
Panzergrenadier Squad
Panzer III L Medium Tank
Tungsten Core Ammunition
Firestorm
Panzer III L Medium Tank
Panzergrenadier Squad
Panzer III L Medium Tank
Rapid Advance
Panzerpioneer Squad
Panzer III L Medium Tank
Firestorm
Panzerpioneer Squad
Armored Reserves
Firestorm
StuG Assault Group
Panzergrenadier Squad
Firestorm
Flak 36 Anti-tank Gun Team
Firestorm
[82AD] PaulVmax
Valieriumborn
FloppyBob
A Chunky Chaffinch
iPlayThisNaked
bl4ckjack
CalmSassarShow
rune41
0
0
Comments
sign in to comment!
No comments posted yet!